[Event "Titled Tuesday Blitz July 26 Late 2022"]
[White "Barria Zuniga, Daniel"]
[Black "Pakleza, Zbigniew"]
[WhiteFideId "3400816"]
[BlackFideId "1119290"]
[WhiteElo "2414"]
[BlackElo "2467"]
[Result "0-1"]
[Round "10"]
[TimeControl "180+1"]
[Date "2022.07.26"]
[WhiteClock "0:00:02"]
[BlackClock "0:00:06"]

1. d4 d6 2. Nf3 Bg4 3. c4 c6 4. Nc3 Nd7 5. e4 e5 6. Be3 Ngf6 7. Be2 Be7 8. O-O O-O 9. Qc2 Re8 10. Rfd1 Qc7 11. Rac1 Nf8 12. h3 Bh5 13. d5 c5 14. Rb1 N6d7 15. a3 b6 16. b4 a6 17. bxc5 Nxc5 18. Rb2 Nfd7 19. Rdb1 h6 20. Na4 Rab8 21. Nxc5 Nxc5 22. g4 Bg6 23. Nd2 Bg5 24. Bxg5 hxg5 25. f3 f6 26. Nf1 Rb7 27. Ne3 Reb8 28. Kf2 Be8 29. Qd2 Kf7 30. Rh1 Nd7 31. Rhb1 Nf8 32. Ng2 a5 33. Kg3 Ng6 34. Qe3 Bd7 35. Bf1 Nf4 36. Qf2 Ng6 37. h4 gxh4+ 38. Nxh4 Ne7 39. Qe3 Qc5 40. Qxc5 dxc5 41. Bd3 Nc8 42. Ng2 Nd6 43. Ne3 Ke7 44. f4 exf4+ 45. Kxf4 Nf7 46. Be2 Kd6 47. Rh1 Ne5 48. Rh7 Be8 49. g5 fxg5+ 50. Kxg5 g6 51. Rxb7 Rxb7 0-1


[Site "https://www.chess.com"]

[Event "Titled Tuesday Blitz July 26 Late 2022"]
[White "Blanco Ronquillo, Humberto L."]
[Black "Yuan, Qingyu"]
[WhiteFideId "3504239"]
[BlackFideId "8609772"]
[WhiteElo "2423"]
[BlackElo "2359"]
[Result "0-1"]
[Round "10"]
[TimeControl "180+1"]
[Date "2022.07.26"]
[WhiteClock "0:00:02"]
[BlackClock "0:00:10"]

1. e4 c6 2. d4 d5 3. exd5 cxd5 4. Bd3 Nc6 5. c3 Nf6 6. h3 e5 7. dxe5 Nxe5 8. Bb5+ Bd7 9. Bxd7+ Qxd7 10. Nf3 Bd6 11. O-O O-O 12. Nbd2 Rfe8 13. Nb3 Nc4 14. Nbd4 h6 15. b3 Nb6 16. Be3 Rac8 17. Qd3 Ne4 18. Rac1 Bb8 19. Rfd1 Qe7 20. Nf5 Qf6 21. Bxb6 Qxf5 22. Be3 Qe6 23. Qxd5 Qxd5 24. Rxd5 Nxc3 25. Rd2 Rxe3 26. fxe3 Ne2+ 27. Rxe2 Rxc1+ 28. Kf2 Bc7 29. Nd4 Bb6 30. Kf3 g6 31. Ke4 Kg7 32. Kd5 Rd1 33. Kc4 Kf6 34. Rf2+ Ke7 35. b4 Re1 36. Kd3 Rd1+ 37. Kc4 Re1 38. Kd3 Rb1 39. a3 Bxd4 40. exd4 Rb3+ 41. Kc4 Rxa3 42. d5 Ra1 43. Re2+ Kd6 44. Re8 Rc1+ 45. Kb3 Rc7 46. b5 Kxd5 47. Kb4 Rc4+ 48. Kb3 Rc7 49. Kb4 Rd7 50. Ra8 b6 51. Rc8 Ke4 52. Rc6 Kf4 53. Rf6+ Kg3 0-1


[Site "https://www.chess.com"]

[Event "Titled Tuesday Blitz July 26 Late 2022"]
[White "Chiu, Isaac"]
[Black "Ovchinnikov, Vsevolod"]
[WhiteFideId "30900654"]
[BlackFideId "24176842"]
[WhiteElo "2181"]
[BlackElo "2376"]
[Result "1/2-1/2"]
[Round "10"]
[TimeControl "180+1"]
[Date "2022.07.27"]
[WhiteClock "0:00:27"]
[BlackClock "0:00:19"]

1. b3 d5 2. Bb2 Nf6 3. Nf3 Bg4 4. d3 Nbd7 5. Nbd2 e6 6. g3 Bd6 7. Bg2 O-O 8. O-O e5 9. e4 c6 10. h3 Bh5 11. Qe2 Re8 12. Rfe1 Qc7 13. a3 a5 14. Qf1 Bg6 15. Nh4 Bc5 16. Qe2 Qb6 17. Nxg6 hxg6 18. Qf3 Bd4 19. c3 Bc5 20. b4 Bf8 21. h4 axb4 22. axb4 Ra6 23. Rxa6 Qxa6 24. Ra1 Qb6 25. Qe2 Bd6 26. Nf3 Nf8 27. Bc1 Qb5 28. exd5 cxd5 29. Bd2 Qd7 30. Ng5 Ne6 31. Ra7 Qc7 32. Nxe6 Rxe6 33. Bg5 e4 34. Ra8+ Kh7 35. Bh3 Re7 36. Rc8 Qb6 37. Kg2 Qa6 38. Bxf6 gxf6 39. h5 Qxd3 40. hxg6+ fxg6 41. Qg4 Qf3+ 42. Qxf3 exf3+ 43. Kxf3 Rc7 44. Ke3 Rxc8 45. Bxc8 b6 46. Kd4 Be5+ 47. Kxd5 Bxc3 48. Kc4 Be1 49. g4 Bxf2 50. Kb5 Kh6 51. Kc4 Kg5 52. b5 f5 53. gxf5 gxf5 54. Kd3 Kf4 55. Bd7 Bc5 56. Ke2 Ke4 57. Bc6+ Kd4 58. Kf3 Ke5 59. Bd7 f4 60. Bc6 Be3 61. Be8 Kd4 62. Bc6 Kc4 63. Be8 Kc5 64. Bc6 Kb4 65. Be8 Kc4 1/2-1/2


[Site "https://www.chess.com"]

[Event "Titled Tuesday Blitz July 26 Late 2022"]
[White "Csonka, Balazs"]
[Black "Romanchuk, Viktor"]
[WhiteFideId "742910"]
[BlackFideId "14109271"]
[WhiteElo "2404"]
[BlackElo "2242"]
[Result "1-0"]
[Round "10"]
[TimeControl "180+1"]
[Date "2022.07.26"]
[WhiteClock "0:01:02"]
[BlackClock "0:01:15"]

1. d4 d5 2. c4 c6 3. Nf3 Nf6 4. Qc2 dxc4 5. e4 b5 6. b3 cxb3 7. axb3 e6 8. Bd2 a5 9. Bd3 h6 10. O-O Be7 11. Nc3 O-O 12. e5 Nd5 13. Ne4 Qb6 14. Qc1 Nb4 15. Bb1 Rd8 16. Bxh6 Rxd4 17. Be3 c5 18. Bxd4 cxd4 19. Qxc8+ 1-0


[Site "https://www.chess.com"]

[Event "Titled Tuesday Blitz July 26 Late 2022"]
[White "D`Arruda, Ricardo D."]
[Black "Estrada Nieto, Julian"]
[WhiteFideId "100692"]
[BlackFideId "5101018"]
[WhiteElo "2407"]
[BlackElo "2252"]
[Result "1-0"]
[Round "10"]
[TimeControl "180+1"]
[Date "2022.07.27"]
[WhiteClock "0:00:32"]
[BlackClock "0:00:53"]

1. d4 d5 2. Nf3 Nf6 3. g3 c6 4. Bg2 Bg4 5. Ne5 Bf5 6. O-O Nbd7 7. Bf4 e6 8. c4 Be7 9. Nc3 O-O 10. Qb3 Nxe5 11. Bxe5 Qb6 12. c5 Qxb3 13. axb3 a6 14. Na4 Nd7 15. Bf4 Bf6 16. Bd6 Rfe8 17. e3 e5 18. dxe5 Nxe5 19. Nb6 Ra7 20. f3 Nd7 21. e4 Be6 22. exd5 cxd5 23. Rad1 Nxb6 24. cxb6 Raa8 25. f4 Bxb2 26. f5 Bd7 27. Bxd5 Bc6 28. Bxc6 bxc6 29. b7 Rab8 30. Bxb8 Rxb8 31. Rd7 Kf8 32. Rfd1 Bf6 33. Rc7 c5 34. Rc8+ 1-0


[Site "https://www.chess.com"]

[Event "Titled Tuesday Blitz July 26 Late 2022"]
[White "Daggupati, Balaji"]
[Black "Rustemov, Alexander"]
[WhiteFideId "2090759"]
[BlackFideId "4119002"]
[WhiteElo "2712"]
[BlackElo "2806"]
[Result "1/2-1/2"]
[Round "10"]
[TimeControl "180+1"]
[Date "2022.07.26"]
[WhiteClock "0:00:19"]
[BlackClock "0:00:02"]

1. e4 e6 2. d4 d5 3. Nc3 Bb4 4. e5 c5 5. a3 Bxc3+ 6. bxc3 Ne7 7. Qg4 O-O 8. Bd3 Qa5 9. Bd2 Nbc6 10. Nh3 f6 11. exf6 Rxf6 12. Qh5 h6 13. Qe8+ Rf8 14. Bh7+ Kxh7 15. Qxf8 Qa4 16. Rc1 cxd4 17. O-O Ng6 18. Qf7 Qxa3 19. cxd4 Nxd4 20. Rfe1 Qe7 21. Qxe7 Nxe7 22. Nf4 Ng6 23. Nd3 Nc6 24. f4 b6 25. c4 d4 26. c5 b5 27. Nb4 Nge7 28. Nxc6 Nxc6 29. f5 e5 30. Rf1 Bd7 31. f6 Rf8 32. fxg7 Rxf1+ 33. Rxf1 Kxg7 34. Ra1 b4 35. Bxb4 e4 36. Ba3 e3 37. Kf1 Kf6 38. h3 Ke5 39. Ke2 Ke4 40. Bc1 d3+ 41. Ke1 Nb4 42. Bxe3 Nc2+ 43. Kd2 Nxa1 44. Bxh6 Nb3+ 45. Kc3 Nxc5 46. g4 a5 47. Kc4 Ne6 48. Bd2 a4 49. h4 Be8 50. h5 Bf7 51. h6 Bg6 52. Kb4 Nd4 53. Kxa4 Nf3 54. Bc3 d2 55. Bxd2 Nxd2 56. Kb4 Nf3 57. g5 Kf5 58. Kc3 Bh7 59. Kc4 Nxg5 60. Kc5 Ne4+ 61. Kd4 Kf4 62. Kd3 Ke5 63. Ke3 Nc5 64. Kd2 Kd4 65. Ke2 Ke4 66. Kd2 Ne6 67. Kc3 Kd5 68. Kb3 Nc5+ 69. Kc3 Ne4+ 70. Kd3 Nf6+ 71. Kc3 Be4 72. h7 Nxh7 73. Kb4 Ng5 74. Kc3 Ne6 75. Kb4 Kd4 76. Kb3 Bd3 77. Kb4 Bc4 78. Ka4 Kc5 79. Ka3 Nd4 80. Kb2 Nb5 81. Kc2 Kd4 82. Kb2 Kd3 83. Kb1 Kc3 84. Ka1 Bb3 85. Kb1 Nd4 86. Ka1 Nc2+ 87. Kb1 Bc4 88. Kc1 Ba2 89. Kd1 Nd4 90. Ke1 Kd3 91. Kf2 Ke4 92. Ke1 Ke3 93. Kd1 Bc4 94. Kc1 Kd3 95. Kb2 Kd2 96. Ka3 Kc3 97. Ka4 Bb5+ 98. Ka3 Bc6 99. Ka2 Nb5 100. Ka1 Bd5 101. Kb1 Bb3 102. Ka1 Ba4 103. Ka2 Bb3+ 104. Ka1 Bc2 105. Ka2 Kb4 106. Kb2 Bb3 107. Kc1 Kc3 108. Kb1 Nd4 109. Ka1 Nc2+ 110. Kb1 Bc4 111. Kc1 Ba2 112. Kd1 Kd3 113. Kc1 Bc4 114. Kb2 Nd4 115. Ka3 Kc3 116. Ka4 Bb5+ 117. Ka3 Kc4 118. Kb2 Kb4 119. Kc1 Kc3 120. Kb1 Bd3+ 121. Ka1 Nb3+ 122. Ka2 Bc2 1/2-1/2


[Site "https://www.chess.com"]

[Event "Titled Tuesday Blitz July 26 Late 2022"]
[White "Djordjevic, Vuk"]
[Black "Pesotskiy, Mikhail"]
[WhiteFideId "902098"]
[BlackFideId "34164453"]
[WhiteElo "2456"]
[BlackElo "2010"]
[Result "1-0"]
[Round "10"]
[TimeControl "180+1"]
[Date "2022.07.26"]
[WhiteClock "0:02:08"]
[BlackClock "0:01:34"]

1. d4 Nf6 2. Bg5 c5 3. Bxf6 exf6 4. c3 cxd4 5. cxd4 Qb6 6. Qd2 Nc6 7. e3 Bb4 8. Nc3 d5 9. Bd3 Bg4 10. f3 Bh5 11. Nge2 Bg6 12. Kf2 O-O 13. Nf4 Nxd4 14. exd4 Qxd4+ 15. Qe3 Qxe3+ 16. Kxe3 d4+ 17. Kxd4 Rfd8+ 18. Kc4 Bxc3 19. Kxc3 Rac8+ 20. Kd2 Rxd3+ 21. Nxd3 Rd8 22. Rad1 Bxd3 23. Ke3 1-0


[Site "https://www.chess.com"]

[Event "Titled Tuesday Blitz July 26 Late 2022"]
[White "Domingo Nunez, Ruben"]
[Black "MacDaddyMac"]
[WhiteFideId "22245570"]
[WhiteElo "2373"]
[BlackElo "2567"]
[Result "1-0"]
[Round "10"]
[TimeControl "180+1"]
[Date "2022.07.26"]
[WhiteClock "0:01:21"]
[BlackClock "0:01:21"]

1. b3 b6 2. Bb2 Bb7 3. Nf3 Nf6 4. g3 g6 5. Bg2 Bg7 6. O-O O-O 7. c4 e6 8. Qc2 d6 9. Nc3 Nbd7 10. Rad1 Qe7 11. d4 a6 12. e4 e5 13. Rfe1 exd4 14. Nd5 Nxd5 15. exd5 Ne5 16. Nxd4 Qd7 17. h3 Qd8 18. f4 Nd7 19. Ne6 fxe6 20. dxe6 Bxb2 21. e7 Bxg2 22. exd8=Q Raxd8 23. Qxb2 Bxh3 24. Re7 Rf7 25. Rxf7 Kxf7 26. Qh2 Be6 27. Qxh7+ Kf8 28. Re1 Bf7 29. Qh4 Re8 30. Qh8+ 1-0


[Site "https://www.chess.com"]

[Event "Titled Tuesday Blitz July 26 Late 2022"]
[White "Fedoseev, Vladimir"]
[Black "Howell, David W L"]
[WhiteFideId "24130737"]
[BlackFideId "410608"]
[WhiteElo "2726"]
[BlackElo "2559"]
[Result "0-1"]
[Round "10"]
[TimeControl "180+1"]
[Date "2022.07.26"]
[WhiteClock "0:00:02"]
[BlackClock "0:00:06"]

1. e4 c5 2. Nf3 Nc6 3. Bb5 e6 4. Bxc6 bxc6 5. b3 d6 6. e5 dxe5 7. Nxe5 Qg5 8. Nf3 Qf5 9. O-O Ne7 10. Re1 Ng6 11. Nc3 Be7 12. Ne4 O-O 13. d3 Rd8 14. Qd2 f6 15. Qc3 e5 16. Be3 Rd5 17. Nfd2 Nh4 18. Ng3 Qg6 19. Qc4 f5 20. f4 Be6 21. Qa4 Rf8 22. Qxc6 Rd6 23. Qc7 Rd7 24. Qxe5 Bd6 25. Qc3 Bd5 26. Nc4 Nxg2 27. Nxd6 Nxe1 28. Rxe1 Rxd6 29. Bxc5 Rc8 30. Qe5 Rd7 31. Bd4 h5 32. c4 h4 33. Qxf5 Qf7 34. Qxf7+ Bxf7 35. Nf5 Rcd8 36. Bc5 Rxd3 37. Nxh4 Rd2 38. Nf3 Rxa2 39. Ne5 Rdd2 40. Re2 Rxe2 41. Kf1 Rxh2 42. Be3 0-1


[Site "https://www.chess.com"]

[Event "Titled Tuesday Blitz July 26 Late 2022"]
[White "Fishbein, Alexander"]
[Black "Derraugh, Geordie"]
[WhiteFideId "2000377"]
[BlackFideId "2603950"]
[WhiteElo "2410"]
[BlackElo "2116"]
[Result "0-1"]
[Round "10"]
[TimeControl "180+1"]
[Date "2022.07.27"]
[WhiteClock "0:00:02"]
[BlackClock "0:00:14"]

1. d4 Nf6 2. Bf4 g6 3. Nc3 d5 4. Nb5 Na6 5. e3 c6 6. Nc3 Nc7 7. Nf3 Bg7 8. h4 O-O 9. Be2 Bf5 10. Be5 h5 11. Ng5 Ng4 12. Bxg7 Kxg7 13. Bxg4 Bxg4 14. Qd2 b5 15. f3 Bc8 16. e4 b4 17. Ne2 f6 18. Nh3 Qd6 19. O-O-O dxe4 20. fxe4 Bg4 21. Nf2 Bxe2 22. Qxe2 Nb5 23. Qe3 Qe6 24. Kb1 Rfb8 25. Nd3 Qc4 26. Nc5 Nc3+ 27. bxc3 bxc3+ 28. Nb3 a5 29. Qd3 Qb4 30. Rh3 a4 31. Qxc3 axb3 32. axb3 Qa3 33. Qb2 Qa6 34. Rhd3 Rb5 35. Kc1 Ra5 36. Kd2 Qc8 37. Rf3 Qg4 38. Re3 Qxh4 39. Rde1 Rg5 40. R1e2 Qh1 41. Qc1 Qh2 42. Qf1 Qd6 43. Rd3 Qb4+ 44. Ke3 Rg3+ 45. Kf2 Rxd3 46. cxd3 Qxb3 47. Ke3 Qb6 48. Qc1 e5 49. Qc5 exd4+ 50. Qxd4 Qc7 51. Kf2 Qf4+ 52. Kg1 Rb8 53. Re1 Qg3 54. Rf1 Rf8 55. Qd7+ Rf7 56. Qd4 h4 57. Rf3 Qe1+ 58. Kh2 g5 59. e5 Qxe5+ 60. Qxe5 fxe5 61. Re3 Re7 62. d4 e4 63. Rc3 Re6 64. Kg1 Kf6 65. Kf2 Kf5 66. Ke3 g4 67. Rc5+ Kg6 68. Ra5 h3 69. gxh3 gxh3 70. Ra2 Kg5 71. Ra1 Kh4 72. Rg1 h2 73. Rg8 Rh6 0-1


[Site "https://www.chess.com"]

[Event "Titled Tuesday Blitz July 26 Late 2022"]
[White "Golubev, Mikhail"]
[Black "Matinian, Nikita"]
[WhiteFideId "14100983"]
[BlackFideId "24129100"]
[WhiteElo "2374"]
[BlackElo "2422"]
[Result "0-1"]
[Round "10"]
[TimeControl "180+1"]
[Date "2022.07.26"]
[WhiteClock "0:00:16"]
[BlackClock "0:01:10"]

1. e4 e5 2. Nf3 Nc6 3. Bc4 Nf6 4. Ng5 d5 5. exd5 Na5 6. Bb5+ c6 7. dxc6 bxc6 8. Bd3 Nd5 9. h4 g6 10. Nc3 Nf4 11. Bf1 Be7 12. g3 Nd5 13. Bg2 h6 14. Nf3 Bg4 15. Qe2 f6 16. d3 Qd7 17. Bd2 Nb7 18. O-O-O Rb8 19. Qe4 Bf5 20. Qa4 Nc5 21. Qa5 Nxc3 22. Qxc3 Na4 23. Qa5 Nxb2 24. Nxe5 fxe5 25. Qxe5 O-O 26. Bc3 Bf6 27. Bxb2 Bxe5 28. Bxe5 Rb5 29. Rhe1 Rxe5 30. Rxe5 Qd4 31. Rde1 Qxf2 0-1


[Site "https://www.chess.com"]

[Event "Titled Tuesday Blitz July 26 Late 2022"]
[White "Gracia Alvarez, Gerardo Antonio"]
[Black "Fieberg, Samuel"]
[WhiteFideId "5109124"]
[BlackFideId "12901717"]
[WhiteElo "2139"]
[BlackElo "2420"]
[Result "0-1"]
[Round "10"]
[TimeControl "180+1"]
[Date "2022.07.27"]
[WhiteClock "0:00:19"]
[BlackClock "0:00:58"]

1. e4 e5 2. Nc3 Nf6 3. Bc4 Nc6 4. d3 Na5 5. Bb3 Nxb3 6. axb3 d5 7. exd5 Nxd5 8. Nge2 Bc5 9. O-O O-O 10. Ne4 Be7 11. f4 f5 12. N4c3 Bc5+ 13. Kh1 Nxc3 14. bxc3 e4 15. dxe4 fxe4 16. Qxd8 Rxd8 17. Ng3 Re8 18. Re1 e3 19. h3 Bd7 20. Kh2 Bc6 21. b4 Bb6 22. c4 Bd4 23. Ra3 a5 24. b5 Be4 25. Re2 Bc5 26. Ra2 Bg6 27. Nf1 Bf7 28. Ra4 Re4 29. Ng3 Rxc4 0-1


[Site "https://www.chess.com"]

[Event "Titled Tuesday Blitz July 26 Late 2022"]
[White "Hafiz, Arif Abdul"]
[Black "Vlassov, Nikolai"]
[WhiteFideId "7104227"]
[BlackFideId "4103360"]
[WhiteElo "2198"]
[BlackElo "2324"]
[Result "1-0"]
[Round "10"]
[TimeControl "180+1"]
[Date "2022.07.26"]
[WhiteClock "0:00:46"]
[BlackClock "0:00:03"]

1. e4 c5 2. Nc3 g6 3. f4 Bg7 4. Nf3 d6 5. Bb5+ Nd7 6. O-O a6 7. Bc4 Nb6 8. Be2 Nf6 9. d3 O-O 10. Qe1 Bg4 11. Qh4 Bxf3 12. Rxf3 Nbd7 13. f5 e6 14. Bg5 Qb6 15. Rb1 d5 16. Rh3 c4+ 17. Kh1 cxd3 18. Bxd3 h5 19. e5 Ng4 20. Rf1 exf5 21. Nxd5 Qxb2 22. Ne7+ Kh7 23. Qxh5+ gxh5 24. Rxh5+ Bh6 25. Bxf5+ Kg7 26. Bxg4 Rh8 27. Bxd7 Bxg5 28. Rxg5+ Kf8 29. Ng6+ Kg7 30. Nf4+ Kf8 31. e6 1-0


[Site "https://www.chess.com"]

[Event "Titled Tuesday Blitz July 26 Late 2022"]
[White "Hjartarson, Johann"]
[Black "Ansh M Shah"]
[WhiteFideId "2300044"]
[BlackFideId "25033379"]
[WhiteElo "2458"]
[BlackElo "1819"]
[Result "1-0"]
[Round "10"]
[TimeControl "180+1"]
[Date "2022.07.26"]
[WhiteClock "0:01:06"]
[BlackClock "0:00:57"]

1. Nf3 Nf6 2. g3 g6 3. b4 a5 4. b5 Bg7 5. Bb2 c6 6. a4 d5 7. Bg2 O-O 8. O-O Bd7 9. Na3 Re8 10. d3 Be6 11. c4 Nbd7 12. Nd4 Nf8 13. bxc6 bxc6 14. Nxc6 Qb6 15. Bxf6 Bxf6 16. cxd5 Bxa1 17. dxe6 Bf6 18. Nc4 Qc5 19. exf7+ Kg7 20. fxe8=Q Rxe8 21. Qb3 Rc8 22. Qb5 Ne6 23. Qxc5 Nxc5 24. N4xa5 Nxa4 25. Rc1 Nc3 26. Bf3 Na2 27. Rc4 Nc3 28. Kg2 Nb5 29. e3 Nd6 30. Rc2 Ra8 31. d4 Ra6 32. e4 e5 33. dxe5 Bxe5 34. Nxe5 Rxa5 35. Rc7+ Kf6 36. Nc6 Rc5 37. e5+ Rxe5 38. Nxe5 Kxe5 39. Rxh7 Kf6 40. h4 Nf5 41. Bd1 g5 42. hxg5+ Kxg5 43. Rh5+ Kg6 44. Rxf5 Kxf5 45. f4 Kg6 46. Kf3 Kf6 47. g4 Kg6 48. g5 Kf5 49. Bc2+ Ke6 50. Ke4 Kf7 51. f5 Kg7 52. Ke5 Kf7 53. Bb3+ Kg7 54. Ke6 Kh8 55. Ke7 Kg7 56. Bc2 Kg8 57. f6 Kh8 58. g6 Kg8 59. f7+ Kg7 60. f8=Q# 1-0


[Site "https://www.chess.com"]

[Event "Titled Tuesday Blitz July 26 Late 2022"]
[White "Holt, Conrad"]
[Black "Pinheiro, Iung Alicio de O."]
[WhiteFideId "2034387"]
[BlackFideId "2104350"]
[WhiteElo "2586"]
[BlackElo "2283"]
[Result "1-0"]
[Round "10"]
[TimeControl "180+1"]
[Date "2022.07.26"]
[WhiteClock "0:01:50"]
[BlackClock "0:00:16"]

1. d4 d5 2. c4 c6 3. Nc3 Nf6 4. e3 g6 5. b3 Bg7 6. Bb2 O-O 7. Nf3 Bg4 8. Be2 Nbd7 9. O-O Re8 10. h3 Bxf3 11. Bxf3 e6 12. Qc2 a6 13. Rad1 b5 14. Ne2 bxc4 15. bxc4 Nb6 16. c5 Nc4 17. Bc3 Qc7 18. Ng3 e5 19. Be2 exd4 20. exd4 Ne3 21. fxe3 Qxg3 22. Rf3 Qg5 23. Be1 Rxe3 24. Qc1 Rae8 25. Bd2 Bh6 26. Bxa6 Nh5 27. Bxe3 Rxe3 28. Qxe3 Qxe3+ 29. Rxe3 Bxe3+ 30. Kf1 Ng3+ 31. Ke1 Nf5 32. Bb7 Bxd4 33. Bxc6 Ne3 34. Rxd4 Nc2+ 35. Kd2 Nxd4 36. Bxd5 Kf8 37. a4 Ke7 38. a5 Kd7 39. a6 Nb5 40. Bxf7 Kc6 41. Be8+ Kxc5 42. Bxb5 1-0


[Site "https://www.chess.com"]

[Event "Titled Tuesday Blitz July 26 Late 2022"]
[White "Ismagilov, Damir"]
[Black "Nozdrachev, Leonid"]
[WhiteFideId "34199982"]
[BlackFideId "24113433"]
[WhiteElo "2138"]
[BlackElo "2100"]
[Result "0-1"]
[Round "10"]
[TimeControl "180+1"]
[Date "2022.07.26"]
[WhiteClock "0:00:51"]
[BlackClock "0:00:24"]

1. d4 d6 2. Bf4 g6 3. e3 Bg7 4. c3 Nf6 5. h3 b6 6. Nd2 Bb7 7. Ngf3 Nbd7 8. Bd3 O-O 9. e4 Re8 10. Bh2 e5 11. d5 c6 12. dxc6 Bxc6 13. Qe2 d5 14. exd5 e4 15. Nxe4 Nxe4 16. Bxe4 Bxd5 17. Nd2 Nc5 18. f3 Bxe4 19. fxe4 Nd3+ 20. Kf1 Nxb2 21. Nf3 Bxc3 22. Rc1 Rc8 23. Bg3 Qd3 24. Rc2 Rxe4 25. Qxd3 Nxd3 26. Kg1 b5 27. Kh2 b4 28. Rd1 Re3 29. Bh4 h6 30. Kg1 a5 31. Bf6 Rc6 32. Bh4 a4 33. Rb1 Rce6 34. a3 Re2 35. Rxe2 Rxe2 36. axb4 a3 37. Ra1 Bxa1 0-1


[Site "https://www.chess.com"]

[Event "Titled Tuesday Blitz July 26 Late 2022"]
[White "Jacobson, Brandon"]
[Black "Lashkin, Jegor"]
[WhiteFideId "30901561"]
[BlackFideId "13907808"]
[WhiteElo "2362"]
[BlackElo "2368"]
[Result "1-0"]
[Round "10"]
[TimeControl "180+1"]
[Date "2022.07.26"]
[WhiteClock "0:00:07"]
[BlackClock "0:00:01"]

1. Nf3 d5 2. e3 Nf6 3. c4 e6 4. Nc3 Be7 5. b3 O-O 6. Bb2 b6 7. cxd5 exd5 8. d4 Bb7 9. g3 Nbd7 10. Bg2 Bd6 11. O-O Re8 12. Nb5 Bf8 13. Rc1 c6 14. Nc3 Bd6 15. Ne2 Qe7 16. Nf4 Ne4 17. Re1 a5 18. a4 Bb4 19. Re2 Rac8 20. Rec2 Bd6 21. Nd3 Nb8 22. Nd2 Nxd2 23. Qxd2 Na6 24. Bc3 Rc7 25. Re1 Qd8 26. b4 axb4 27. Nxb4 Nxb4 28. Bxb4 Ba6 29. Rb1 Bxb4 30. Qxb4 Bd3 31. Rbc1 Bxc2 32. Rxc2 Rc8 33. Bh3 c5 34. Qb5 Ra8 35. dxc5 bxc5 36. Rxc5 Rb8 37. Qd3 Qf6 38. Rxd5 Qa1+ 39. Kg2 Rb1 40. Bd7 Rg1+ 41. Kh3 Rf8 42. Bb5 g6 43. Rd7 Qa2 44. Qe2 Qe6+ 45. Qg4 Qe5 46. Bc4 Qf6 47. Qf4 Qxf4 48. gxf4 Ra1 49. Bb3 Ra3 50. Rb7 Kg7 51. Kg4 Kh6 52. Bxf7 Rxa4 53. Bd5 Ra5 54. Rd7 Rc5 55. h4 Rc2 56. Kg3 Rcc8 57. Ra7 Rcd8 58. e4 Rde8 59. f3 Rc8 60. Be6 Rc3 61. f5 Rc6 62. Re7 Rb6 63. Kg4 Rb1 64. Kf4 Rb5 65. Rc7 Ra5 66. Kg4 Ra3 67. e5 Ra4+ 68. f4 gxf5+ 69. Bxf5 1-0


[Site "https://www.chess.com"]

[Event "Titled Tuesday Blitz July 26 Late 2022"]
[White "Jin, Ashton"]
[Black "Bartholomew, John"]
[WhiteFideId "30931908"]
[BlackFideId "2019353"]
[WhiteElo "2514"]
[BlackElo "2749"]
[Result "0-1"]
[Round "10"]
[TimeControl "180+1"]
[Date "2022.07.26"]
[WhiteClock "0:00:22"]
[BlackClock "0:00:27"]

1. e4 d5 2. exd5 Qxd5 3. Nc3 Qa5 4. d4 Nf6 5. Nf3 Bf5 6. Bc4 e6 7. Ne5 Nbd7 8. Nxd7 Nxd7 9. O-O c6 10. Re1 O-O-O 11. Qf3 Nf6 12. Be3 Bd6 13. h3 h5 14. Bb3 Rhg8 15. Bg5 Rde8 16. Bxf6 gxf6 17. Ne4 Bxe4 18. Rxe4 f5 19. Re2 Rg6 20. Kh1 Reg8 21. g3 h4 22. gxh4 Bb8 23. h5 Rg5 24. c4 Qc7 0-1


[Site "https://www.chess.com"]

[Event "Titled Tuesday Blitz July 26 Late 2022"]
[White "Jorquera, Marcelo"]
[Black "Tarnowska, Aleksandra"]
[WhiteFideId "3401197"]
[BlackFideId "1180967"]
[WhiteElo "2136"]
[BlackElo "1700"]
[Result "1/2-1/2"]
[Round "10"]
[TimeControl "180+1"]
[Date "2022.07.27"]
[WhiteClock "0:00:08"]
[BlackClock "0:00:05"]

1. e4 c5 2. Nc3 Nc6 3. g3 a6 4. a4 b6 5. Bg2 Bb7 6. d3 d6 7. Be3 g6 8. Qd2 Bg7 9. h3 Nf6 10. Bh6 O-O 11. Bxg7 Kxg7 12. Nge2 Nd4 13. O-O e5 14. f4 Nh5 15. f5 h6 16. g4 Nf6 17. fxg6 fxg6 18. Ng3 d5 19. Rf2 dxe4 20. dxe4 Qd6 21. g5 hxg5 22. Qxg5 Nh7 23. Qg4 Rxf2 24. Kxf2 Rf8+ 25. Kg1 Nf6 26. Qg5 Nh7 27. Qh4 g5 28. Qg4 Rf4 29. Nh5+ Kh6 30. Nxf4 exf4 31. Rd1 Qe5 32. Nd5 Bxd5 33. exd5 Nf6 34. Qc8 Ne2+ 35. Kf1 Ng3+ 36. Kg1 Ne2+ 37. Kf1 Ng3+ 38. Kg1 Ne2+ 1/2-1/2


[Site "https://www.chess.com"]

[Event "Titled Tuesday Blitz July 26 Late 2022"]
[White "Kamsky, Gata"]
[Black "Sarana, Alexey"]
[WhiteFideId "2000024"]
[BlackFideId "24133795"]
[WhiteElo "2645"]
[BlackElo "2666"]
[Result "1/2-1/2"]
[Round "10"]
[TimeControl "180+1"]
[Date "2022.07.26"]
[WhiteClock "0:00:31"]
[BlackClock "0:00:10"]

1. e4 c5 2. Nf3 d6 3. Nc3 Nf6 4. Bc4 e6 5. O-O Be7 6. a3 O-O 7. Ba2 Nc6 8. d3 Rb8 9. Re1 b5 10. Ne2 a5 11. Ng3 Nd7 12. Bf4 Nde5 13. c3 b4 14. Nxe5 Nxe5 15. d4 Ng6 16. Be3 bxc3 17. bxc3 Bg5 18. Qd2 Bxe3 19. Qxe3 cxd4 20. cxd4 Ba6 21. Rab1 Qc7 22. Rec1 Rxb1 23. Bxb1 Qb6 24. h3 Rc8 25. Rxc8+ Bxc8 26. Bd3 e5 27. Ne2 Bd7 28. Bc4 Be6 29. Bxe6 fxe6 30. g3 h6 31. Kg2 Qb2 32. dxe5 Qxe5 33. Qd4 Kf7 34. Qxe5 Nxe5 35. Nc3 Nc4 36. a4 Ke7 37. Kf3 Kd7 38. Nb5 Nb6 39. Nd4 Nxa4 40. Nb3 Nc5 41. Nxa5 d5 42. exd5 exd5 43. Ke3 Kc7 44. Kd4 Kd6 45. f4 g6 46. g4 Ne6+ 47. Ke3 Kc5 48. Nb7+ Kc6 49. Na5+ Kb5 50. Nb7 Kc6 51. Na5+ Kc5 52. Nb7+ Kc6 1/2-1/2


[Site "https://www.chess.com"]

[Event "Titled Tuesday Blitz July 26 Late 2022"]
[White "Keller, Peter"]
[Black "Averjanov, Alexey"]
[WhiteFideId "1272105"]
[BlackFideId "14109867"]
[WhiteElo "2275"]
[BlackElo "2621"]
[Result "1-0"]
[Round "10"]
[TimeControl "180+1"]
[Date "2022.07.26"]
[WhiteClock "0:00:11"]
[BlackClock "0:00:02"]

1. e4 c6 2. d4 d5 3. Nd2 dxe4 4. Nxe4 Bf5 5. Ng3 Bg6 6. h4 h6 7. Nf3 Nd7 8. h5 Bh7 9. Bd3 Bxd3 10. Qxd3 e6 11. Bd2 Ngf6 12. O-O-O Be7 13. Ne4 Nxe4 14. Qxe4 Nf6 15. Qe2 Qd5 16. Kb1 Qe4 17. Qxe4 Nxe4 18. Be3 f5 19. Ne5 O-O 20. f3 Ng3 21. Rh3 Ne2 22. f4 c5 23. c3 cxd4 24. cxd4 Bb4 25. a3 Ba5 26. Nc4 Bc7 27. Rf3 Rac8 28. g3 Bxf4 29. gxf4 Rxc4 30. b3 Nc3+ 31. Ka1 Nxd1 32. bxc4 Nxe3 33. Rxe3 Kf7 34. Kb2 Rd8 35. Kc3 Kf6 36. a4 b6 37. Re1 Rd7 38. Rg1 Rc7 39. Rg6+ Kf7 40. Rg1 Rc6 41. Kb4 a6 42. Kc3 a5 43. Rb1 g6 44. hxg6+ Kxg6 45. Rg1+ Kf7 46. Rh1 Kg7 47. Rg1+ Kh7 48. Kd3 Rd6 49. Rh1 Rd8 50. Re1 Rd6 51. Rh1 Kg6 52. Rg1+ Kh5 53. Rg7 Rd8 54. Ke3 Rc8 55. Kd3 Rd8 56. Ke3 Rd6 57. Kd3 Kh4 58. Rg6 h5 59. d5 Kh3 60. Rxe6 Rd7 61. Rxb6 h4 62. Rg6 Kh2 63. Kd4 h3 64. c5 Kh1 65. c6 Rd8 66. Rh6 h2 67. c7 Rc8 68. d6 Kg2 69. d7 Rxc7 70. d8=Q Rc1 71. Qd5+ Kg3 72. Rg6+ Kxf4 73. Qe5+ Kf3 74. Rg3+ Kf2 75. Qe3+ Kf1 76. Qxc1+ Kf2 77. Qe3+ Kf1 78. Qf3+ Ke1 79. Ke3 f4+ 80. Kd3 h1=Q 81. Qe2# 1-0


[Site "https://www.chess.com"]